 Dungeon Crawl Stone Soup version 0.17.0-7-gfadd4cc (webtiles) character file.

172 septik the Changer (level 5, 0/33 HPs)
             Began as an Octopode Transmuter on Nov 8, 2015.
             Succumbed to a worker ant's poison
             ... on level 4 of the Dungeon.
             The game lasted 00:12:11 (3285 turns).

septik the Changer (Octopode Transmuter)            Turns: 3285, Time: 00:12:11

Health: 0/33       AC:  1    Str: 10    XL:     5   Next: 52%
Magic:  8/8        EV: 12    Int: 15    God:
Gold:   185        SH:  0    Dex: 13    Spells: 3 memorised, 2 levels left

rFire  . . .     SeeInvis .       - Unarmed
rCold  . . .     Clarity  .     (no shield)
rNeg   . . .     SustAt   .     (helmet restricted)
rPois  .         Gourm    .     (no amulet)
rElec  .         Spirit   .     o - -2 ring of slaying (curse)
rCorr  .         Warding  .     (no ring)
rMut   .         Stasis   .     (no ring)
MR     .....                    (no ring)
Stlth  ++........               (no ring)
                                (no ring)
                                (no ring)
                                (no ring)

@: lethally poisoned (0 -> -3), not resistant to hostile enchantments,
unstealthy
A: almost no armour, amphibious, 8 rings, constrict 8, camouflage 1, gelatinous
body 1
a: no special abilities


You were on level 4 of the Dungeon.
You were not hungry.

You visited 1 branch of the dungeon, and saw 4 of its levels.

You collected 185 gold pieces.

Inventory:

Hand Weapons
 a - a +0 hunting sling
 l - a +0 quarterstaff of protection
Missiles
 g - 76 stones (quivered)
 h - 22 arrows
 i - 10 poisoned needles
 n - 5 tomahawks
 p - 5 poisoned javelins
 q - a throwing net
Jewellery
 o - a cursed -2 ring of slaying (left tentacle)
Wands
 s - a wand of slowing (19)
Scrolls
 d - 4 scrolls of remove curse
 e - 3 scrolls of teleportation
 j - 3 scrolls of identify
 r - a scroll of magic mapping {unknown}
 w - a scroll of immolation
Potions
 m - a potion of agility
Books
 b - a book of Changes

   Spells                             Type                      Level
   a - Beastly Appendage              Transmutation                1
   b - Sticks to Snakes               Transmutation                2
   c - Spider Form                    Transmutation/Poison         3
   d - Ice Form                       Ice/Transmutation            4
   e - Blade Hands                    Transmutation                5
Comestibles
 c - 2 bread rations
 f - 4 chunks of flesh
 k - 3 meat rations
 t - 2 slices of pizza


   Skills:
 - Level 1.0 Fighting
 - Level 2.0 Dodging
 - Level 4.0 Unarmed Combat
 - Level 2.0 Spellcasting
 - Level 4.5 Transmutations
 + Level 1.3 Poison Magic


You had 2 spell levels left.
You knew the following spells:

 Your Spells              Type           Power        Failure   Level  Hunger
a - Beastly Appendage     Trmt           ###...       3%          1    #......
b - Sticks to Snakes      Trmt           ###.......   6%          2    ###....
c - Spider Form           Trmt/Pois      ##........   24%         3    ###....


Dungeon Overview and Level Annotations

Branches:
Dungeon (4/15)
 Temple: D:4-7

Altars:
Sif Muna


Innate Abilities, Weirdness & Mutations

You cannot wear most types of armour.
You are amphibious.
You can wear up to eight rings at the same time.
You can use your tentacles to constrict eight enemies at once.
Your skin changes colour to match your surroundings (Stealth).
Your rubbery body absorbs attacks (AC +1).


Message History

Some of the chunks of flesh in your inventory have rotted away.
* * * LOW HITPOINT WARNING * * *
You feel sick.
Drink which item? (? for menu, Esc to quit)
Okay, then.
Read which item? (? for menu, Esc to quit)
Okay, then.
Put on which piece of jewellery? (? for menu, Esc to quit)
Oops, that ring feels deathly cold.
o - a cursed -2 ring of slaying (left tentacle) Unknown command.
Unknown command.
Unknown command.
* * * LOW HITPOINT WARNING * * *
You feel sick.
* * * LOW HITPOINT WARNING * * *
You feel sick.
* * * LOW HITPOINT WARNING * * *
You feel sick.
You die...

#..# #.. #.. #..
#.# ######.# .
#......#########...
###....†........
#.#.......@.......
#.......%.....####
#####.........#
##.######## #....<#
#######


There were no monsters in sight!

Vanquished Creatures
  Jessica (D:3)
  A worker ant (D:4)
  4 adders
  2 worms
  3 giant geckos
  An orc (D:3)
  8 hobgoblins
  5 kobolds
  2 quokkas
  3 ball pythons
  8 bats
  4 giant cockroaches
  3 giant newts
  2 goblins
  2 rats (D:3)
49 creatures vanquished.

Vanquished Creatures (collateral kills)
  An orc wizard (D:3)
  An adder (D:3)
  2 orcs (D:3)
  A kobold (D:2)
  A rat (D:3)
6 creatures vanquished.

Grand Total: 55 creatures vanquished

Notes
Turn   | Place    | Note
--------------------------------------------------------------
     0 | D:1      | septik the Octopode Transmuter began the quest for the Orb.
     0 | D:1      | Reached XP level 1. HP: 13/13 MP: 3/3
   398 | D:1      | Reached XP level 2. HP: 12/18 MP: 3/5
  1148 | D:2      | Reached skill level 4 in Unarmed Combat
  1190 | D:2      | Learned a level 2 spell: Sticks to Snakes
  1287 | D:2      | Reached XP level 3. HP: 23/23 MP: 3/6
  1936 | D:3      | Found a deep blue altar of Sif Muna.
  2131 | D:3      | Reached XP level 4. HP: 26/28 MP: 2/7
  2864 | D:3      | Noticed Jessica
  2872 | D:3      | Killed Jessica
  2872 | D:3      | Reached XP level 5. HP: 28/33 MP: 3/8
  3036 | D:3      | Learned a level 3 spell: Spider Form
  3266 | D:4      | Reached skill level 1 in Poison Magic
  3279 | D:4      | HP: 1/33 [poisoned by a worker ant]
  3285 | D:4      | Succumbed to a worker ant's poison

Action                   |  1- 3 |  4- 6 || total
-------------------------+-------+-------++-------
Melee: Unarmed           |    79 |    48 ||   127
       Hunting sling     |     1 |       ||     1
 Fire: Hunting sling     |     5 |       ||     5
Throw: Stone             |     5 |       ||     5
 Cast: Beastly Appendage |    21 |     8 ||    29
       Sticks to Snakes  |     3 |     3 ||     6
  Use: Scroll            |     2 |     2 ||     4
       Potion            |       |     3 ||     3
 Stab: Sleeping          |     3 |     3 ||     6
  Eat: Chunk             |     4 |     4 ||     8
